 Dungeon Crawl Stone Soup version 0.27-a0-512-g57cc695410 (webtiles) character file.

Game seed: 17800422608831981462

35 tilp the Sneak (level 3, -2/23 HPs)
             Began as an Octopode Transmuter on Mar 3, 2021.
             Slain by a worm (10 damage)
             ... on level 2 of the Dungeon.
             The game lasted 00:01:21 (1664 turns).

tilp the Sneak (Octopode Transmuter)                Turns: 1664, Time: 00:01:21

Health: -2/23      AC:  1    Str:  9    XL:     3   Next: 35%
Magic:  3/6        EV: 13    Int: 16    God:
Gold:   78         SH:  0    Dex: 12    Spells: 3/6 levels left

rFire    . . .     SeeInvis .     - Unarmed
rCold    . . .     Faith    .   (no shield)
rNeg     . . .     Spirit   .   (helmet currently unavailable)
rPois    .         Reflect  .   (no amulet)
rElec    .         Harm     .   (no ring)
rCorr    .         Rampage  .   (no ring)
Will     .....                  (no ring)
Stlth    +++.......             (no ring)
HPRegen  0.07/turn              (no ring)
MPRegen  0.10/turn              (no ring)
                                (no ring)
                                (no ring)

@: appendages (expiring), very slightly contaminated
A: almost no armour, stealthy swim, amphibious, 8 rings, constrict 8, tentacle
spike 3, camouflage 1, gelatinous body 1
a: End Transformation


You were on level 2 of the Dungeon.
One of your tentacles had a temporary spike.
You visited 1 branch of the dungeon, and saw 2 of its levels.

You collected 78 gold pieces.

Inventory:

Missiles
 h - 20 stones
Scrolls
 b - a scroll of noise {unknown}
 c - a scroll of enchant armour {unknown}
 d - 2 scrolls of teleportation {unknown}
 i - a scroll of fog {unknown}
Potions
 a - a potion of brilliance {unknown}
 e - a potion of attraction {unknown}
 f - a potion of degeneration {unknown}
 g - a potion of experience {unknown}
 j - a potion of ambrosia {unknown}


   Skills:
 + Level 1.2 Fighting
 - Level 2.0 Dodging
 - Level 4.0 Stealth
 + Level 3.1 Unarmed Combat
 - Level 2.0 Spellcasting
 - Level 2.0 Transmutations


You had 3 spell levels left.
You knew the following spells:

 Your Spells              Type           Power        Failure   Level
a - Beastly Appendage     Tmut           16%          9%          1
b - Wereblood             Tmut           8%           14%         2

Your spell library contained the following spells:

 Spells                   Type           Power        Failure   Level
 Spider Form              Tmut/Pois      2%           38%         3
 Ice Form                 Ice/Tmut       4%           80%         4
 Blade Hands              Tmut           4%           94%         5


Dungeon Overview and Level Annotations

Branches:
Dungeon (2/15)

Altars:

Annotations:
D:2 Sigmund


Innate Abilities, Weirdness & Mutations

You cannot wear most types of armour.
You are very stealthy in the water. (Stealth+)
You are amphibious.
You can wear up to eight rings at the same time.
You can use your tentacles to constrict eight enemies at once.
Your skin changes colour to match your surroundings (Stealth+).
Your rubbery body absorbs attacks. (AC +1, EV +1)
One of your tentacles bears a large vicious spike.


Message History

You closely miss the goblin. You grab the goblin.
Your tentacle-slap misses the goblin.
You constrict the goblin, but do no damage.
The goblin completely misses you.
You completely miss the goblin. You constrict the goblin.
The goblin closely misses you.
You tentacle-slap the goblin.
You kill the goblin!
You see here a +0 club.
Casting: Beastly Appendage (safe; 9% risk of failure)
Confirm with . or Enter, or press ? or * to list all spells.
You miscast Beastly Appendage.
You are very lightly contaminated with residual magic.
Nothing appears to happen.
One of your tentacles grows a vicious spike.
Your transformation is almost over.
Casting: Beastly Appendage (safe; 9% risk of failure)
Confirm with . or Enter, or press ? or * to list all spells.
You miscast Beastly Appendage.
Nothing appears to happen.
The worm bites you!
You barely miss the worm. You grab the worm.
Your tentacle spike misses the worm.
You squeeze the worm.
The worm is moderately wounded.
You constrict the worm. You tentacle-slap the worm.
The worm is heavily wounded.
You constrict the worm. The worm bites you.
You are too injured to fight recklessly!
You are too injured to fight recklessly!
You tentacle-slap the worm but do no damage.
The worm is heavily wounded.
You constrict the worm. You tentacle-slap the worm.
The worm is severely wounded.
You constrict the worm. The worm bites you.
* * * LOW HITPOINT WARNING * * *
You tentacle-slap the worm.
The worm is severely wounded.
You constrict the worm. The worm bites you!
You die...

††......[#
##...##.#
.........+
>.....#.##
.........#
#.......#
#.......##
#..###..#
##<....## #
#...#.#
###...##
#.##..# #
#+## #. ##.#
# #.#.###.#
# #..w@)..#
.......#####
##.####


You could see a worm.

Vanquished Creatures
  A gnoll (D:1)
  A leopard gecko (D:2)
  3 giant cockroaches (D:1)
  5 goblins
  3 hobgoblins
  3 bats (D:1)
  4 frilled lizards
  A kobold (D:1)
  3 rats
24 creatures vanquished.

Notes
Turn   | Place    | Note
-------+----------+-------------------------------------------
     0 | D:1      | tilp the Octopode Transmuter began the quest for the Orb.
     0 | D:1      | Reached XP level 1. HP: 13/13 MP: 3/3
    36 | D:1      | Reached skill level 1 in Stealth
   244 | D:1      | Reached skill level 2 in Stealth
   246 | D:1      | Reached XP level 2. HP: 12/18 MP: 5/5
   633 | D:1      | Reached skill level 3 in Stealth
   756 | D:1      | Reached XP level 3. HP: 7/23 MP: 3/6
  1084 | D:1      | Learned a level 2 spell: Wereblood
  1319 | D:1      | Reached skill level 4 in Stealth
  1484 | D:2      | Noticed Sigmund
  1664 | D:2      | Slain by a worm

Illustrated notes

Levels and vault maps discovered:
D:1:      dpeg_arrival_round_c, layout_loops_ring
D:2:      layout_loops_corners, chequers_mini_garden, uniq_sigmund

Skill      XL: |  1  2  3 |
---------------+----------+-----
Stealth        | 2 3 4 |  4.0
Fighting       | |  1.2
Dodging        | |  2.0
Unarmed Combat | |  3.1
Spellcasting   | |  2.0
Transmutations | |  2.0

Action                   || total
-------------------------++-------
Melee: Unarmed           ||    62
       Constrict         ||    17
       Tentacles         ||     8
       Kick              ||     2
       Punch             ||     2
 Cast: Beastly Appendage ||     4
 Stab: Sleeping          ||     8
       Distracted        ||     1
Armor: Skin              ||     5
Dodge: Dodged            ||    31

Table legend: (Time is in decaauts)
 A = Elapsed time spent in this place.
 B = Non-inter-level travel time spent in this place.
 C = Inter-level travel time spent in this place.
 D = Time resting spent in this place.
 E = Time spent auto-exploring this place.
 F = Levels seen in this place.
 G = Mean time per level.
                   A        B        C        D        E       F      G
               +--------+--------+--------+--------+--------+-----+--------+
         Total |   1660 |   1643 |     17 |    325 |   1122 |   2 |  830.0 |
       Dungeon |   1660 |   1643 |     17 |    325 |   1122 |   2 |  830.0 |
               +--------+--------+--------+--------+--------+-----+--------+

Top non-repeatable levels by time:
     D:1: 1360 daAuts
     D:2: 299 daAuts
